 Dungeon Crawl Stone Soup version 0.27.1-1-g398f81649c (webtiles) character file.

Game seed: 1680824609587047875

29 Rickety the Sneak (level 3, -1/16 HPs)
             Began as a Spriggan Enchanter on Sept 17, 2021.
             Succumbed to an adder's poison
             ... on level 1 of the Dungeon.
             The game lasted 00:04:03 (1736 turns).

Rickety the Sneak (Spriggan Enchanter)              Turns: 1736, Time: 00:04:04

Health: -1/16      AC:  2    Str:  4    XL:     3   Next: 1%
Magic:  6/8        EV: 17    Int: 16    God:
Gold:   42         SH:  0    Dex: 16    Spells: 2/8 levels left

rFire    . . .     SeeInvis +   f - +3 dagger
rCold    . . .     Faith    .   (shield restricted)
rNeg     . . .     Spirit   .   b - +0 robe
rPois    .         Reflect  .   (helmet restricted)
rElec    .         Harm     .   (no cloak)
rCorr    .         Rampage  .   (gloves unavailable)
Will     .....                  (boots unavailable)
Stlth    +++.......             (no amulet)
HPRegen  0.05/turn              (no ring)
MPRegen  0.11/turn              (no ring)

@: lethally poisoned (-1 -> -4), very quick
A: very small, no large weapons, unfitting armour, see invisible, speed 3
a: no special abilities


You were on level 1 of the Dungeon.
You visited 1 branch of the dungeon, and saw 2 of its levels.

You collected 42 gold pieces.

Inventory:

Hand Weapons
 a - a +1 dagger
 f - a +3 dagger (weapon)
Armour
 b - a +0 robe (worn)
Scrolls
 c - a scroll of teleportation {unknown}
 d - a scroll of amnesia {unknown}
Potions
 e - a potion of attraction {unknown}


   Skills:
 + Level 1.2 Short Blades
 + Level 2.9 Dodging
 * Level 5.5 Stealth
 + Level 3.1 Spellcasting
 + Level 3.9 Hexes


You had 2 spell levels left.
You knew the following spells:

 Your Spells              Type           Power      Damage    Failure   Level
a - Corona                Hex            16%        N/A       3%          1
b - Ensorcelled Hibernat  Hex/Ice        16%        N/A       12%         2
c - Confusing Touch       Hex            15%        N/A       11%         3

Your spell library contained the following spells:

 Spells                   Type           Power      Damage    Failure   Level
 Tukima's Dance           Hex            15%        N/A       11%         3
 Dazzling Flash           Conj/Hex       16%        N/A       24%         3


Dungeon Overview and Level Annotations

Branches:
Dungeon (2/15)

Altars:


Innate Abilities, Weirdness & Mutations

You are very small and have problems with some larger weapons.
You are too small for most types of armour.
You have supernaturally acute eyesight. (SInv)
You cover ground extremely quickly. (Speed+++)


Message History

Confirm with . or Enter, or press ? or * to list all spells.
The spell is extremely dangerous to cast (11% risk of failure)!
Continue anyway?
You miscast Confusing Touch.
You are very lightly contaminated with residual magic.
Nothing appears to happen.
You start resting.
Your magical contamination has completely faded away.
You start resting.
Magic restored.
Casting: Confusing Touch (extremely dangerous; 11% risk of failure)
Confirm with . or Enter, or press ? or * to list all spells.
The spell is extremely dangerous to cast (11% risk of failure)!
Continue anyway?
Your hands begin to glow red.
You climb downwards.
The goblin barely misses you. The kobold misses you.
There is a stone staircase leading up here.
You hit the adder but do no damage.
The adder appears confused.
The adder misses the kobold.
The goblin barely misses you. The kobold hits you but does no damage.
You hit the adder.
The adder is moderately wounded.
The goblin hits you with a +0 club. The kobold completely misses you.
The adder bites you.
You are poisoned.
The adder poisons you!
You barely miss the adder.
The adder is moderately wounded.
You feel sick. The goblin closely misses you.
The kobold hits you with a +0 dagger.
The adder bites the goblin.
You hit the adder.
The adder is heavily wounded.
You feel sick. The goblin hits you with a +0 club.
* * * LOW HITPOINT WARNING * * *
The adder completely misses you. The kobold closely misses you.
There is a stone staircase leading up here.
* * * LOW HITPOINT WARNING * * *
You feel sick.
The adder barely misses the kobold.
The goblin hits you but does no damage. The kobold hits you with a +0 dagger.
* * * LOW HITPOINT WARNING * * *
You climb upwards.
You die...

.............#.....#.# #
##.######....#.....#.## #
##.######.#..#######..## #
.....................#.# #
...................###.# #
.#.#####...>.......###.# # ##.#
#...#.).####....# #
##.#####...#...#####.#.# #
#.............g@K...#.# #
#######...##.######.#.# #
#......##.# #.#.##########
#####.##.#.##.######.............
.........#.............##########
############.#.......###
#...####### #####


You could see a goblin and a kobold.

Vanquished Creatures
  A dart slug (D:1)
  2 ball pythons (D:1)
  3 endoplasms (D:1)
  A giant cockroach (D:1)
  3 goblins (D:1)
  4 hobgoblins (D:1)
  2 jackals (D:1)
  2 kobolds (D:1)
  2 bats
  A frilled lizard (D:1)
  A rat (D:1)
22 creatures vanquished.

Notes
Turn   | Place    | Note
-------+----------+-------------------------------------------
     0 | D:1      | Rickety the Spriggan Enchanter began the quest for the Orb.
     0 | D:1      | Reached XP level 1. HP: 9/9 MP: 5/5
   123 | D:1      | Reached XP level 2. HP: 2/13 MP: 4/6
   126 | D:1      | Learned a level 2 spell: Ensorcelled Hibernation
   395 | D:1      | Reached skill level 5 in Stealth
   777 | D:1      | Found a faded altar of an unknown god.
  1501 | D:2      | Reached XP level 3. HP: 6/16 MP: 3/8
  1513 | D:1      | Learned a level 3 spell: Confusing Touch
  1736 | D:1      | Succumbed to an adder's poison

Illustrated notes

Levels and vault maps discovered:
D:1:      ebering_hopf_link, layout_loops_ring,
          hellmonk_ecumenical_altar_pennies_from_heaven,
          chequers_serial_rivers_small_3, skrybe_limestone_x
D:2:      layout_basic, uniq_jessica

Skill      XL: |  1  2 |
---------------+-------+-----
Stealth        | 5 |  5.5
Spellcasting   | 3 |  3.1
Short Blades   | |  1.2
Dodging        | |  2.9
Hexes          | |  3.9

Action                   || total
-------------------------++-------
Melee: Dagger            ||    66
 Cast: Corona            ||     5
       Ensorcelled Hiber ||    15
       Confusing Touch   ||     1
 Stab: Sleeping          ||    12
Armor: Robe              ||    12
Dodge: Dodged            ||    45
